Jets vs RedWings

Created - 27 novembre 2020 at 20:48

Goals
1 2 3 OT1 SO T
Jets 1 1 1 0 2 4
RedWings 1 2 0 0 1 3
Shots
1 2 3 OT1 SO T
Jets 8 12 17 5 5 42
RedWings 7 7 7 0 5 21

1st period

1. Jets , Nick Suzuki 2 (Jaccob Slavin 10) at 10:00
2. RedWings , Filip Forsberg 2 (David Pastrnak 6, Gustav Lindstrom 1) at 13:24

Penalties :
David Pastrnak (DET) for Holding (Minor) at 0:50, Torey Krug (WPG) for Tripping (Minor) at 0:50, Jake Muzzin (WPG) for High sticking (Minor) at 19:47

2nd period

3. RedWings , David Pastrnak 7 (John Carlson 10) at 2:46
4. Jets , Brock Nelson 5 (Bryan Rust 5) at 4:46
5. RedWings , Brayden Schenn 3 (Connor Murphy 2, Filip Forsberg 8) at 5:58 (PP)

Penalties :
Jake Muzzin (WPG) for Holding Stick (Minor) at 5:21, Filip Forsberg (DET) for Interference (Minor) at 9:00, Dennis Gilbert (DET) for Boarding (Minor) at 13:52, Jordan Szwarz (DET) for Tripping (Minor) at 17:32

3rd period

6. Jets , Torey Krug 5 (Mika Zibanejad 11) at 19:10

Penalties :
Connor Murphy (DET) for Roughing (Minor) at 4:52, Nick Foligno (WPG) for Tripping (Minor) at 7:02, John Carlson (DET) for Roughing (Minor) at 14:43, Mika Zibanejad (WPG) for Hooking (Minor) at 14:43, Adin Hill (DET) for Slashing (Minor) at 19:28 - Dennis Gilbert served the penalty.

Overtime #1

No Goal

Penalties :
No Penalty

Shootout

Jets, Mika Zibanejad - Shot Misses the Net
RedWings, Frans Nielsen - Stopped by Alex Stalock
Jets, Mats Zuccarello - Shot Misses the Net
RedWings, Sean Monahan - Goal!
Jets, Mikko Koivu - Goal!
RedWings, Erik Haula - Shot Misses the Net
Jets, Bryan Rust - Stopped by Adin Hill
RedWings, Andrew Cogliano - Shot Misses the Net
Jets, Jakub Vrana - Goal!
RedWings, Filip Forsberg - Stopped by Alex Stalock

Penalties :
No Penalty

Goalie Stats

Alex Stalock (WPG), 18 saves from 21 shots - (0,857), W, 2-1-1, 65:00 minutes
Adin Hill (DET), 39 saves from 42 shots - (0,929), OTL, 1-2-1, 65:00 minutes

Players Stats for Jets

Player Name              G  A  P  +/- PIM S  H  SB GA TA FO     MP     PP MP  PK MP  
------------------------------------------------------------------------------------
Brandon Saad             0  0  0   0  0   2  0  0  0  0  0/0    13:59   0:34   1:06 
Brock Nelson             1  0  1   0  0   5  1  0  0  0  9/18   16:35   3:31   0:00 
Bryan Rust               0  1  1   1  0   6  1  0  0  0  1/2    20:26   4:22   0:00 
Carl Soderberg           0  0  0   0  0   1  1  0  0  0  0/1     6:49   0:00   1:06 
Jaccob Slavin            0  1  1   2  0   3  0  2  0  0  0/0    27:01   3:59   3:00 
Jake Muzzin              0  0  0   0  4   3  3  1  0  0  0/0    21:25   4:28   0:54 
Jakub Vrana              0  0  0   1  0   1  0  0  0  0  1/1    20:32   4:22   0:00 
Jay Bouwmeester          0  0  0  -1  0   0  0  1  0  0  0/0    17:36   0:00   3:07 
Kasperi Kapanen          0  0  0   0  0   5  2  0  0  0  0/0    19:19   4:05   0:00 
Mats Zuccarello          0  0  0   0  0   1  0  0  0  0  0/2    16:02   3:31   0:00 
Mika Zibanejad           0  1  1   1  2   3  1  0  0  0  14/24  21:23   4:44   0:00 
Mikko Koivu              0  0  0   0  0   2  0  0  0  0  10/15   9:38   0:00   3:29 
Nick Foligno             0  0  0   0  2   0  0  0  0  0  0/0    12:18   0:00   0:00 
Nick Suzuki              1  0  1   0  0   3  0  0  0  0  5/10   15:12   0:12   0:00 
Olli Maatta              0  0  0  -1  0   2  0  1  0  0  0/0    13:04   0:00   0:00 
Patrik Nemeth            0  0  0   1  0   2  0  0  0  0  0/0    23:56   4:28   1:39 
Tim Schaller             0  0  0   0  0   0  1  1  0  0  0/0     9:12   0:00   3:29 
Torey Krug               1  0  1   1  2   3  1  1  0  0  0/0    23:23   3:59   0:30 

Players Stats for RedWings

Player Name              G  A  P  +/- PIM S  H  SB GA TA FO     MP     PP MP  PK MP  
------------------------------------------------------------------------------------
Andrew Cogliano          0  0  0  -1  0   1  0  0  0  0  0/2    12:50   2:12   2:33 
Brayden Schenn           1  0  1  -1  0   4  1  0  0  0  8/16   19:01   2:23   2:41 
Brett Howden             0  0  0  -1  0   2  0  0  0  0  0/1    13:28   0:00   4:53 
Connor Murphy            0  1  1  -1  2   0  2  0  0  0  0/0    21:38   3:12   2:15 
David Pastrnak           1  1  2   1  2   2  0  0  0  0  0/3    19:18   2:23   0:00 
Dennis Gilbert           0  0  0   0  2   0  3  1  0  0  0/0    15:01   0:00   2:55 
Erik Haula               0  0  0  -1  0   1  0  0  0  0  4/6    15:54   2:12   0:00 
Filip Forsberg           1  1  2   2  2   2  2  1  0  0  0/0    19:59   2:23   0:00 
Frans Nielsen            0  0  0   0  0   2  1  0  0  0  5/13   11:19   0:00   2:54 
Gustav Lindstrom         0  1  1   0  0   0  4  0  0  0  0/0    18:30   0:00   0:50 
Jake Gardiner            0  0  0   0  0   2  1  1  0  0  0/0    23:35   1:23   3:50 
John Carlson             0  1  1   0  2   0  1  0  0  0  0/0    27:56   3:12   5:02 
Jordan Szwarz            0  0  0   0  2   0  0  0  0  0  0/0     8:24   0:00   0:00 
Kyle Brodziak            0  0  0  -1  0   0  2  1  0  0  9/19   13:26   0:00   5:21 
Nick Jensen              0  0  0  -1  0   0  0  3  0  0  0/0    19:45   1:23   4:58 
Patric Hornqvist         0  0  0  -1  0   1  2  0  0  0  0/0    16:46   2:12   0:00 
Ryan Hartman             0  0  0  -1  0   1  0  0  0  0  0/0     8:05   0:00   0:00 
Sean Monahan             0  0  0   1  0   3  0  0  0  0  7/13   17:34   0:00   0:00 

3 Stars

1 - Filip Forsberg (DET)
2 - David Pastrnak (DET)
3 - Brock Nelson (WPG)

Power Play

Jets - 0 on 5 Attempt(s) - 0,00%
RedWings - 1 on 3 Attempt(s) - 33,33%

Penalty Kill

Jets - 2 on 3 Attempt(s) - 66,67% - Score 0 goal in Penalty Kill
RedWings - 5 on 5 Attempt(s) - 100,00% - Score 0 goal in Penalty Kill

Team Stat

Jets - Hits : 11 - Faceoff Wins : 40 - Blocked Shots : 7 - Penalty Minutes : 10
RedWings - Hits : 19 - Faceoff Wins : 33 - Blocked Shots : 7 - Penalty Minutes : 14

Official

Referees : Ben O'Quinn and Michael Markovic
Linesman : Ryan Galloway and Travis Gawryletz

Game Notes

No Game Note

Finance

Level 1 -- Attendance: 6500 (100,00%) -- Ticket Income 728 000 $
Level 2 -- Attendance: 5000 (100,00%) -- Ticket Income 410 000 $
Level 3 -- Attendance: 2902 (82,91%) -- Ticket Income 203 140 $
Level 4 -- Attendance: 2545 (63,20%) -- Ticket Income 101 800 $
Luxury Box -- Attendance: 885 (88,50%) -- Ticket Income 199 125 $
Game was played at the Joe Louis Arena.
Total Attendance: 17832 (89,04%)
Total Ticket Income: 1 642 065 $
Other Income: 804 612 $
Total Income: 2 446 677 $

% Time on Ice - Jets

Lines # - Real PCT - Wanted PCT - Time Play
Normal Forward
1 - 32% - 41% - 13:50
2 - 26% - 30% - 10:58
3 - 29% - 21% - 12:19
4 - 13% - 8% - 5:43
Normal Defense
1 - 37% - 40% - 15:46
2 - 31% - 32% - 13:17
3 - 31% - 23% - 13:04
4 - 2% - 5% - 0:43
PP Forward
1 - 58% - 60% - 4:56
2 - 42% - 40% - 3:31
PP Defense
1 - 47% - 65% - 3:59
2 - 53% - 35% - 4:28
PK Forward
1 - 76% - 60% - 3:29
2 - 24% - 40% - 1:06
PK Defense
1 - 76% - 60% - 3:30
2 - 24% - 40% - 1:05
PK3 Forward
1 - 0% - 60%
2 - 0% - 40%
PK3 Defense
1 - 0% - 60%
2 - 0% - 40%
44 Forward
1 - 75% - 60% - 4:05
2 - 25% - 40% - 1:21
44 Defense
1 - 48% - 60% - 2:38
2 - 52% - 40% - 2:48
Last Minute Offensive  - 0:10
Last Minute Defensive  - 0:00
Total
Forward - 61:28
Defense - 61:28

% Time on Ice - RedWings

Lines # - Real PCT - Wanted PCT - Time Play
Normal Forward
1 - 34% - 40% - 14:38
2 - 27% - 30% - 11:42
3 - 19% - 20% - 8:05
4 - 20% - 10% - 8:25
Normal Defense
1 - 37% - 40% - 15:49
2 - 34% - 30% - 14:27
3 - 28% - 20% - 11:49
4 - 2% - 10% - 0:45
PP Forward
1 - 52% - 60% - 2:23
2 - 48% - 40% - 2:12
PP Defense
1 - 70% - 60% - 3:12
2 - 30% - 40% - 1:23
PK Forward
1 - 71% - 60% - 6:02
2 - 29% - 40% - 2:25
PK Defense
1 - 57% - 60% - 4:51
2 - 43% - 40% - 3:36
PK3 Forward
1 - 67% - 60% - 0:59
2 - 33% - 40% - 0:29
PK3 Defense
1 - 70% - 60% - 1:02
2 - 30% - 40% - 0:26
44 Forward
1 - 67% - 60% - 2:39
2 - 33% - 40% - 1:19
44 Defense
1 - 67% - 60% - 2:39
2 - 33% - 40% - 1:19
Last Minute Offensive  - 0:00
Last Minute Defensive  - 0:10
Total
Forward - 61:28
Defense - 61:28

Play-by-Play

1st period


0:01 of 1st period - Sean Monahan wins face-off versus Mika Zibanejad in neutral zone.
0:19 of 1st period - Jake Gardiner is hit by Mika Zibanejad and loses puck.
0:50 of 1st period - Minor Penalty to David Pastrnak for Holding.
0:50 of 1st period - Minor Penalty to Torey Krug for Tripping.
0:51 of 1st period - Brayden Schenn wins face-off versus Mika Zibanejad in Jets zone.
1:42 of 1st period - Shot by Jakub Vrana.
1:42 of 1st period - Stopped by Adin Hill with a rebound.
2:31 of 1st period - Shot by Mats Zuccarello.
2:31 of 1st period - Shot Misses the Net.
2:54 of 1st period - Mikko Koivu is hit by Kyle Brodziak and loses puck.
3:02 of 1st period - Carl Soderberg is hit by Dennis Gilbert and loses puck.
3:30 of 1st period - Icing by Nick Jensen.
3:31 of 1st period - Nick Suzuki wins face-off versus Kyle Brodziak in RedWings zone.
3:31 of 1st period - Nick Foligno is hit by Dennis Gilbert and loses puck.
3:57 of 1st period - Brandon Saad is hit by Dennis Gilbert and loses puck.
4:25 of 1st period - Icing by Bryan Rust.
4:26 of 1st period - Brayden Schenn wins face-off versus Mats Zuccarello in Jets zone.
5:17 of 1st period - Shot by Filip Forsberg.
5:17 of 1st period - Deflect By David Pastrnak.
5:17 of 1st period - Shot Misses the Net.
5:58 of 1st period - Icing by Brock Nelson.
5:59 of 1st period - Frans Nielsen wins face-off versus Brock Nelson in Jets zone.
6:20 of 1st period - Shot by Jordan Szwarz.
6:20 of 1st period - Shot Misses the Net.
6:22 of 1st period - Shot by Jordan Szwarz.
6:22 of 1st period - Shot Misses the Net.
6:24 of 1st period - Shot by Brett Howden.
6:24 of 1st period - Shot Misses the Net.
6:26 of 1st period - Shot by Gustav Lindstrom.
6:26 of 1st period - Shot Misses the Net.
8:17 of 1st period - Icing by Nick Jensen.
8:18 of 1st period - Mikko Koivu wins face-off versus Sean Monahan in RedWings zone.
8:43 of 1st period - Shot by Andrew Cogliano.
8:43 of 1st period - Shot Blocked by Torey Krug.
8:55 of 1st period - Shot by Ryan Hartman.
8:55 of 1st period - Shot Misses the Net.
8:57 of 1st period - Shot by Gustav Lindstrom.
8:57 of 1st period - Shot Misses the Net.
9:03 of 1st period - Shot by Ryan Hartman.
9:03 of 1st period - Stopped by Alex Stalock without a rebound.
9:04 of 1st period - Brayden Schenn wins face-off versus Mika Zibanejad in Jets zone.
9:48 of 1st period - Icing by Patric Hornqvist.
9:49 of 1st period - Nick Suzuki wins face-off versus Brayden Schenn in RedWings zone.
9:58 of 1st period - Shot by Nick Suzuki.
9:58 of 1st period - Shot Misses the Net.
10:00 of 1st period - Shot by Nick Suzuki.
10:00 of 1st period - Goal by Nick Suzuki - Jets : 1 - RedWings : 0.
10:01 of 1st period - Sean Monahan wins face-off versus Mikko Koivu in neutral zone.
10:21 of 1st period - Mikko Koivu is hit by Gustav Lindstrom.
10:39 of 1st period - Mikko Koivu is hit by Filip Forsberg and loses puck.
10:59 of 1st period - Icing by Brett Howden.
11:00 of 1st period - Frans Nielsen wins face-off versus Mika Zibanejad in RedWings zone.
11:05 of 1st period - Shot by Brett Howden.
11:05 of 1st period - Shot Blocked by Jake Muzzin.
11:11 of 1st period - Shot by Brett Howden.
11:11 of 1st period - Stopped by Alex Stalock with a rebound.
11:17 of 1st period - Shot by Jakub Vrana.
11:17 of 1st period - Shot Misses the Net.
11:27 of 1st period - Shot by Mika Zibanejad.
11:27 of 1st period - Shot Blocked by Nick Jensen.
11:33 of 1st period - Shot by Kasperi Kapanen.
11:33 of 1st period - Stopped by Adin Hill with a rebound.
11:37 of 1st period - Shot by Kasperi Kapanen.
11:37 of 1st period - Stopped by Adin Hill without a rebound.
11:38 of 1st period - Brock Nelson wins face-off versus Brayden Schenn in RedWings zone.
12:47 of 1st period - Icing by Jake Muzzin.
12:48 of 1st period - Nick Suzuki wins face-off versus David Pastrnak in Jets zone.
13:24 of 1st period - Shot by Filip Forsberg.
13:24 of 1st period - Goal by Filip Forsberg - Jets : 1 - RedWings : 1.
13:25 of 1st period - Kyle Brodziak wins face-off versus Mika Zibanejad in neutral zone.
13:34 of 1st period - Shot by Andrew Cogliano.
13:34 of 1st period - Stopped by Alex Stalock without a rebound.
13:35 of 1st period - Brock Nelson wins face-off versus Frans Nielsen in Jets zone.
13:40 of 1st period - Dennis Gilbert is hit by Brock Nelson and loses puck.
14:24 of 1st period - Icing by Frans Nielsen.
14:25 of 1st period - Mika Zibanejad wins face-off versus Frans Nielsen in RedWings zone.
14:34 of 1st period - Shot by Mika Zibanejad.
14:34 of 1st period - Shot Blocked by Dennis Gilbert.
14:55 of 1st period - Off-side.
14:56 of 1st period - Sean Monahan wins face-off versus Nick Suzuki in neutral zone.
15:21 of 1st period - David Pastrnak is hit by Jake Muzzin and loses puck.
15:46 of 1st period - Patrik Nemeth is hit by Brayden Schenn and loses puck.
15:57 of 1st period - Jake Muzzin is hit by Patric Hornqvist and loses puck.
16:15 of 1st period - Erik Haula is hit by Jake Muzzin and loses puck.
17:09 of 1st period - Kasperi Kapanen is hit by Jake Gardiner and loses puck.
18:00 of 1st period - Shot by Bryan Rust.
18:00 of 1st period - Deflect By Brock Nelson.
18:00 of 1st period - Stopped by Adin Hill with a rebound.
18:02 of 1st period - Shot by Jay Bouwmeester.
18:02 of 1st period - Shot Misses the Net.
18:04 of 1st period - Shot by Olli Maatta.
18:04 of 1st period - Stopped by Adin Hill with a rebound.
18:06 of 1st period - Shot by Bryan Rust.
18:06 of 1st period - Shot Misses the Net.
18:08 of 1st period - Shot by Jay Bouwmeester.
18:08 of 1st period - Shot Hit the Post.
18:10 of 1st period - Shot by Olli Maatta.
18:10 of 1st period - Stopped by Adin Hill without a rebound.
18:11 of 1st period - Mikko Koivu wins face-off versus Frans Nielsen in RedWings zone.
18:42 of 1st period - Shot by Frans Nielsen.
18:42 of 1st period - Stopped by Alex Stalock with a rebound.
18:44 of 1st period - Shot by Frans Nielsen.
18:44 of 1st period - Stopped by Alex Stalock without a rebound.
18:45 of 1st period - Brayden Schenn wins face-off versus Brock Nelson in Jets zone.
19:15 of 1st period - Shot by Mats Zuccarello.
19:15 of 1st period - Shot Misses the Net.
19:17 of 1st period - Shot by Bryan Rust.
19:17 of 1st period - Stopped by Adin Hill without a rebound.
19:18 of 1st period - Sean Monahan wins face-off versus Mika Zibanejad in RedWings zone.
19:47 of 1st period - Minor Penalty to Jake Muzzin for High sticking.
19:48 of 1st period - Mikko Koivu wins face-off versus Andrew Cogliano in Jets zone.
19:59 of 1st period - Shot by Erik Haula.
19:59 of 1st period - Deflect By Patric Hornqvist.
19:59 of 1st period - Stopped by Alex Stalock with a rebound.
Goals for this period are 1 for Jets vs 1 for RedWings.
Shots for this period are 8 for Jets vs 7 for RedWings.

2nd period


0:01 of 2nd period - Brayden Schenn wins face-off versus Mikko Koivu in neutral zone.
0:24 of 2nd period - Shot by John Carlson.
0:24 of 2nd period - Shot Misses the Net.
0:26 of 2nd period - Shot by David Pastrnak.
0:26 of 2nd period - Stopped by Alex Stalock with a rebound.
0:28 of 2nd period - Shot by Connor Murphy.
0:28 of 2nd period - Shot Blocked by Tim Schaller.
0:30 of 2nd period - Shot by Brayden Schenn.
0:30 of 2nd period - Stopped by Alex Stalock without a rebound.
0:31 of 2nd period - Mikko Koivu wins face-off versus Erik Haula in Jets zone.
0:44 of 2nd period - Shot by Andrew Cogliano.
0:44 of 2nd period - Deflect By Patric Hornqvist.
0:44 of 2nd period - Shot Misses the Net.
0:46 of 2nd period - Shot by Andrew Cogliano.
0:46 of 2nd period - Shot Misses the Net.
1:00 of 2nd period - Shot by Jake Gardiner.
1:00 of 2nd period - Shot Misses the Net.
1:02 of 2nd period - Shot by Nick Jensen.
1:02 of 2nd period - Shot Blocked by Jaccob Slavin.
1:26 of 2nd period - Patrik Nemeth is hit by Filip Forsberg.
1:40 of 2nd period - Shot by Carl Soderberg.
1:40 of 2nd period - Shot Misses the Net.
1:54 of 2nd period - Shot by Jakub Vrana.
1:54 of 2nd period - Deflect By Mika Zibanejad.
1:54 of 2nd period - Stopped by Adin Hill without a rebound.
1:55 of 2nd period - Jakub Vrana wins face-off versus Frans Nielsen in RedWings zone.
1:55 of 2nd period - Jakub Vrana is hit by Gustav Lindstrom.
2:31 of 2nd period - Icing by Brett Howden.
2:32 of 2nd period - Brock Nelson wins face-off versus Frans Nielsen in RedWings zone.
2:36 of 2nd period - Shot by Brock Nelson.
2:36 of 2nd period - Stopped by Adin Hill without a rebound.
2:37 of 2nd period - Brock Nelson wins face-off versus Sean Monahan in RedWings zone.
2:38 of 2nd period - Shot by Bryan Rust.
2:38 of 2nd period - Shot Misses the Net.
2:46 of 2nd period - Shot by David Pastrnak.
2:46 of 2nd period - Goal by David Pastrnak - Jets : 1 - RedWings : 2.
2:47 of 2nd period - Nick Suzuki wins face-off versus Brayden Schenn in neutral zone.
3:22 of 2nd period - Shot by Patric Hornqvist.
3:22 of 2nd period - Shot Misses the Net.
3:24 of 2nd period - Shot by Erik Haula.
3:24 of 2nd period - Shot Misses the Net.
3:54 of 2nd period - Shot by Kasperi Kapanen.
3:54 of 2nd period - Stopped by Adin Hill with a rebound.
3:56 of 2nd period - Shot by Kasperi Kapanen.
3:56 of 2nd period - Shot Blocked by Nick Jensen.
3:58 of 2nd period - Shot by Jakub Vrana.
3:58 of 2nd period - Shot Misses the Net.
4:22 of 2nd period - Shot by Andrew Cogliano.
4:22 of 2nd period - Shot Blocked by Olli Maatta.
4:44 of 2nd period - Shot by Brock Nelson.
4:44 of 2nd period - Shot Misses the Net.
4:46 of 2nd period - Shot by Brock Nelson.
4:46 of 2nd period - Goal by Brock Nelson - Jets : 2 - RedWings : 2.
4:47 of 2nd period - Mikko Koivu wins face-off versus Frans Nielsen in neutral zone.
5:18 of 2nd period - Shot by Brett Howden.
5:18 of 2nd period - Shot Misses the Net.
5:21 of 2nd period - Minor Penalty to Jake Muzzin for Holding Stick.
5:22 of 2nd period - Brayden Schenn wins face-off versus Mikko Koivu in Jets zone.
5:25 of 2nd period - Shot by Brayden Schenn.
5:25 of 2nd period - Stopped by Alex Stalock with a rebound.
5:27 of 2nd period - Shot by John Carlson.
5:27 of 2nd period - Shot Misses the Net.
5:50 of 2nd period - Shot by Filip Forsberg.
5:50 of 2nd period - Shot Misses the Net.
5:52 of 2nd period - Shot by Brayden Schenn.
5:52 of 2nd period - Shot Misses the Net.
5:54 of 2nd period - Shot by Connor Murphy.
5:54 of 2nd period - Shot Blocked by Jay Bouwmeester.
5:56 of 2nd period - Shot by Brayden Schenn.
5:56 of 2nd period - Shot Misses the Net.
5:58 of 2nd period - Shot by Brayden Schenn.
5:58 of 2nd period - Goal by Brayden Schenn - Jets : 2 - RedWings : 3.
5:59 of 2nd period - Mika Zibanejad wins face-off versus Kyle Brodziak in neutral zone.
6:08 of 2nd period - Shot by Kasperi Kapanen.
6:08 of 2nd period - Shot Misses the Net.
6:10 of 2nd period - Shot by Jake Muzzin.
6:10 of 2nd period - Stopped by Adin Hill without a rebound.
6:11 of 2nd period - Frans Nielsen wins face-off versus Brock Nelson in RedWings zone.
6:11 of 2nd period - Frans Nielsen is hit by Bryan Rust.
7:07 of 2nd period - Off-side.
7:08 of 2nd period - Mika Zibanejad wins face-off versus Brayden Schenn in neutral zone.
8:26 of 2nd period - Off-side.
8:27 of 2nd period - Sean Monahan wins face-off versus Brock Nelson in neutral zone.
8:39 of 2nd period - Bryan Rust is hit by Gustav Lindstrom and loses puck.
9:00 of 2nd period - Minor Penalty to Filip Forsberg for Interference.
9:01 of 2nd period - Kyle Brodziak wins face-off versus Mika Zibanejad in RedWings zone.
11:24 of 2nd period - Mikko Koivu is hit by John Carlson and loses puck.
11:31 of 2nd period - Shot by Mikko Koivu.
11:31 of 2nd period - Stopped by Adin Hill with a rebound.
11:33 of 2nd period - Shot by Tim Schaller.
11:33 of 2nd period - Shot Blocked by Filip Forsberg.
11:35 of 2nd period - Shot by Carl Soderberg.
11:35 of 2nd period - Stopped by Adin Hill without a rebound.
11:36 of 2nd period - Brayden Schenn wins face-off versus Nick Suzuki in RedWings zone.
11:47 of 2nd period - Shot by Brayden Schenn.
11:47 of 2nd period - Shot Misses the Net.
12:33 of 2nd period - Shot by Brett Howden.
12:33 of 2nd period - Stopped by Alex Stalock with a rebound.
12:35 of 2nd period - Shot by Brett Howden.
12:35 of 2nd period - Shot Misses the Net.
13:18 of 2nd period - Shot by Sean Monahan.
13:18 of 2nd period - Stopped by Alex Stalock without a rebound.
13:19 of 2nd period - Mika Zibanejad wins face-off versus Kyle Brodziak in Jets zone.
13:19 of 2nd period - Mika Zibanejad is hit by Kyle Brodziak.
13:31 of 2nd period - Kyle Brodziak is hit by Kasperi Kapanen.
13:52 of 2nd period - Minor Penalty to Dennis Gilbert for Boarding.
13:53 of 2nd period - Brock Nelson wins face-off versus Kyle Brodziak in RedWings zone.
13:54 of 2nd period - Shot by Mats Zuccarello.
13:54 of 2nd period - Shot Misses the Net.
13:56 of 2nd period - Shot by Brock Nelson.
13:56 of 2nd period - Shot Misses the Net.
13:58 of 2nd period - Shot by Brock Nelson.
13:58 of 2nd period - Shot Misses the Net.
14:00 of 2nd period - Shot by Jake Muzzin.
14:00 of 2nd period - Stopped by Adin Hill without a rebound.
14:01 of 2nd period - Mika Zibanejad wins face-off versus Kyle Brodziak in RedWings zone.
14:24 of 2nd period - Shot by Mika Zibanejad.
14:24 of 2nd period - Stopped by Adin Hill without a rebound.
14:25 of 2nd period - Frans Nielsen wins face-off versus Brock Nelson in RedWings zone.
14:33 of 2nd period - Brock Nelson is hit by Connor Murphy.
15:27 of 2nd period - Shot by Torey Krug.
15:27 of 2nd period - Stopped by Adin Hill without a rebound.
15:28 of 2nd period - Kyle Brodziak wins face-off versus Mika Zibanejad in RedWings zone.
15:52 of 2nd period - Shot by Mika Zibanejad.
15:52 of 2nd period - Shot Misses the Net.
16:09 of 2nd period - Shot by Filip Forsberg.
16:09 of 2nd period - Shot Misses the Net.
16:19 of 2nd period - Shot by David Pastrnak.
16:19 of 2nd period - Shot Misses the Net.
16:21 of 2nd period - Shot by David Pastrnak.
16:21 of 2nd period - Shot Misses the Net.
17:01 of 2nd period - Off-side.
17:02 of 2nd period - Frans Nielsen wins face-off versus Brock Nelson in neutral zone.
17:32 of 2nd period - Minor Penalty to Jordan Szwarz for Tripping.
17:33 of 2nd period - Bryan Rust wins face-off versus Kyle Brodziak in RedWings zone.
17:34 of 2nd period - Shot by Mika Zibanejad.
17:34 of 2nd period - Stopped by Adin Hill with a rebound.
17:54 of 2nd period - Shot by Mika Zibanejad.
17:54 of 2nd period - Shot Blocked by Kyle Brodziak.
18:32 of 2nd period - Shot by Jake Muzzin.
18:32 of 2nd period - Shot Misses the Net.
18:34 of 2nd period - Shot by Brock Nelson.
18:34 of 2nd period - Shot Blocked by Nick Jensen.
18:36 of 2nd period - Shot by Patrik Nemeth.
18:36 of 2nd period - Shot Misses the Net.
18:38 of 2nd period - Shot by Kasperi Kapanen.
18:38 of 2nd period - Stopped by Adin Hill without a rebound.
18:39 of 2nd period - Mika Zibanejad wins face-off versus Brayden Schenn in RedWings zone.
18:40 of 2nd period - Shot by Torey Krug.
18:40 of 2nd period - Shot Blocked by Jake Gardiner.
19:18 of 2nd period - Icing by Patrik Nemeth.
19:19 of 2nd period - Brock Nelson wins face-off versus Frans Nielsen in Jets zone.
19:19 of 2nd period - Brock Nelson is hit by Frans Nielsen.
Goals for this period are 1 for Jets vs 2 for RedWings.
Shots for this period are 12 for Jets vs 7 for RedWings.

3rd period


0:01 of 3rd period - Mika Zibanejad wins face-off versus Sean Monahan in neutral zone.
0:59 of 3rd period - Shot by Bryan Rust.
0:59 of 3rd period - Stopped by Adin Hill without a rebound.
1:00 of 3rd period - Erik Haula wins face-off versus Nick Suzuki in RedWings zone.
1:25 of 3rd period - Shot by Patric Hornqvist.
1:25 of 3rd period - Deflect By Brayden Schenn.
1:25 of 3rd period - Stopped by Alex Stalock without a rebound.
1:26 of 3rd period - Kyle Brodziak wins face-off versus Brock Nelson in Jets zone.
1:49 of 3rd period - Shot by Brock Nelson.
1:49 of 3rd period - Stopped by Adin Hill with a rebound.
1:51 of 3rd period - Shot by Bryan Rust.
1:51 of 3rd period - Stopped by Adin Hill without a rebound.
1:52 of 3rd period - Mika Zibanejad wins face-off versus Brayden Schenn in RedWings zone.
2:03 of 3rd period - Shot by Brayden Schenn.
2:03 of 3rd period - Shot Misses the Net.
2:56 of 3rd period - Shot by David Pastrnak.
2:56 of 3rd period - Shot Misses the Net.
2:58 of 3rd period - Shot by Jake Gardiner.
2:58 of 3rd period - Shot Blocked by Jaccob Slavin.
3:00 of 3rd period - Shot by Sean Monahan.
3:00 of 3rd period - Shot Misses the Net.
3:02 of 3rd period - Shot by Jake Gardiner.
3:02 of 3rd period - Deflect By David Pastrnak.
3:02 of 3rd period - Shot Misses the Net.
3:28 of 3rd period - Shot by Bryan Rust.
3:28 of 3rd period - Shot Misses the Net.
4:16 of 3rd period - Shot by Brandon Saad.
4:16 of 3rd period - Stopped by Adin Hill with a rebound.
4:18 of 3rd period - Shot by Nick Foligno.
4:18 of 3rd period - Shot Misses the Net.
4:20 of 3rd period - Shot by Nick Foligno.
4:20 of 3rd period - Shot Misses the Net.
4:22 of 3rd period - Shot by Brandon Saad.
4:22 of 3rd period - Stopped by Adin Hill without a rebound.
4:23 of 3rd period - Kyle Brodziak wins face-off versus Mikko Koivu in RedWings zone.
4:23 of 3rd period - Kyle Brodziak is hit by Tim Schaller.
4:52 of 3rd period - Minor Penalty to Connor Murphy for Roughing.
4:53 of 3rd period - Brock Nelson wins face-off versus Kyle Brodziak in RedWings zone.
5:22 of 3rd period - Shot by Jake Muzzin.
5:22 of 3rd period - Stopped by Adin Hill with a rebound.
5:44 of 3rd period - Shot by Bryan Rust.
5:44 of 3rd period - Shot Misses the Net.
5:46 of 3rd period - Shot by Jaccob Slavin.
5:46 of 3rd period - Shot Misses the Net.
5:48 of 3rd period - Shot by Jaccob Slavin.
5:48 of 3rd period - Stopped by Adin Hill without a rebound.
5:49 of 3rd period - Kyle Brodziak wins face-off versus Mika Zibanejad in RedWings zone.
6:33 of 3rd period - Dennis Gilbert is hit by Kasperi Kapanen and loses puck.
6:43 of 3rd period - Icing by Mats Zuccarello.
6:44 of 3rd period - Kyle Brodziak wins face-off versus Brock Nelson in Jets zone.
6:55 of 3rd period - Shot by Filip Forsberg.
6:55 of 3rd period - Shot Hit the Post.
7:02 of 3rd period - Minor Penalty to Nick Foligno for Tripping.
7:03 of 3rd period - Mikko Koivu wins face-off versus Erik Haula in Jets zone.
7:28 of 3rd period - Shot by Erik Haula.
7:28 of 3rd period - Shot Misses the Net.
8:21 of 3rd period - Off-side.
8:22 of 3rd period - Mikko Koivu wins face-off versus Andrew Cogliano in neutral zone.
8:22 of 3rd period - Patrik Nemeth is hit by Patric Hornqvist and loses puck.
8:26 of 3rd period - Off-side.
8:27 of 3rd period - Erik Haula wins face-off versus Mikko Koivu in neutral zone.
8:55 of 3rd period - Icing by Patric Hornqvist.
8:56 of 3rd period - Erik Haula wins face-off versus Carl Soderberg in RedWings zone.
9:00 of 3rd period - John Carlson is hit by Carl Soderberg and loses puck.
9:31 of 3rd period - Filip Forsberg is hit by Torey Krug and loses puck.
10:35 of 3rd period - Bryan Rust is hit by Connor Murphy and loses puck.
10:44 of 3rd period - Shot by Bryan Rust.
10:44 of 3rd period - Stopped by Adin Hill with a rebound.
10:46 of 3rd period - Shot by Patrik Nemeth.
10:46 of 3rd period - Stopped by Adin Hill with a rebound.
10:48 of 3rd period - Shot by Jake Muzzin.
10:48 of 3rd period - Shot Misses the Net.
10:56 of 3rd period - Shot by Brock Nelson.
10:56 of 3rd period - Stopped by Adin Hill without a rebound.
10:57 of 3rd period - Erik Haula wins face-off versus Nick Suzuki in RedWings zone.
14:02 of 3rd period - Icing by Jake Gardiner.
14:03 of 3rd period - Mikko Koivu wins face-off versus Brayden Schenn in RedWings zone.
14:43 of 3rd period - Minor Penalty to John Carlson for Roughing.
14:43 of 3rd period - Minor Penalty to Mika Zibanejad for Hooking.
14:44 of 3rd period - Sean Monahan wins face-off versus Mats Zuccarello in RedWings zone.
15:01 of 3rd period - Shot by David Pastrnak.
15:01 of 3rd period - Deflect By Sean Monahan.
15:01 of 3rd period - Stopped by Alex Stalock without a rebound.
15:02 of 3rd period - Sean Monahan wins face-off versus Bryan Rust in Jets zone.
15:13 of 3rd period - Shot by Sean Monahan.
15:13 of 3rd period - Shot Misses the Net.
15:15 of 3rd period - Shot by Nick Jensen.
15:15 of 3rd period - Shot Misses the Net.
15:55 of 3rd period - Shot by Filip Forsberg.
15:55 of 3rd period - Shot Misses the Net.
15:57 of 3rd period - Shot by Jake Gardiner.
15:57 of 3rd period - Stopped by Alex Stalock with a rebound.
15:59 of 3rd period - Shot by Erik Haula.
15:59 of 3rd period - Stopped by Alex Stalock without a rebound.
16:00 of 3rd period - Mikko Koivu wins face-off versus Sean Monahan in Jets zone.
16:00 of 3rd period - Torey Krug is hit by Gustav Lindstrom and loses puck.
16:05 of 3rd period - Shot by David Pastrnak.
16:05 of 3rd period - Shot Misses the Net.
16:07 of 3rd period - Shot by Gustav Lindstrom.
16:07 of 3rd period - Shot Misses the Net.
16:09 of 3rd period - Shot by Sean Monahan.
16:09 of 3rd period - Stopped by Alex Stalock without a rebound.
16:10 of 3rd period - Nick Suzuki wins face-off versus Sean Monahan in Jets zone.
16:58 of 3rd period - Shot by Jake Gardiner.
16:58 of 3rd period - Stopped by Alex Stalock without a rebound.
16:59 of 3rd period - Mikko Koivu wins face-off versus Kyle Brodziak in Jets zone.
17:10 of 3rd period - Shot by Mikko Koivu.
17:10 of 3rd period - Stopped by Adin Hill without a rebound.
17:11 of 3rd period - Mika Zibanejad wins face-off versus Frans Nielsen in RedWings zone.
17:31 of 3rd period - Off-side.
17:32 of 3rd period - Kyle Brodziak wins face-off versus Nick Suzuki in neutral zone.
17:59 of 3rd period - Shot by Nick Suzuki.
17:59 of 3rd period - Stopped by Adin Hill with a rebound.
19:00 of 3rd period - Shot by Filip Forsberg.
19:00 of 3rd period - Stopped by Alex Stalock without a rebound.
19:01 of 3rd period - Mika Zibanejad wins face-off versus Brett Howden in Jets zone.
19:10 of 3rd period - Jets, Alex Stalock is pulled from the net.
19:10 of 3rd period - Shot by Torey Krug.
19:10 of 3rd period - Goal by Torey Krug - Jets : 3 - RedWings : 3.
19:10 of 3rd period - Alex Stalock from Jets was sent back in the game.
19:11 of 3rd period - Brock Nelson wins face-off versus Brayden Schenn in neutral zone.
19:20 of 3rd period - Shot by Bryan Rust.
19:20 of 3rd period - Shot Misses the Net.
19:26 of 3rd period - Shot by Mats Zuccarello.
19:26 of 3rd period - Stopped by Adin Hill with a rebound.
19:28 of 3rd period - Shot by Bryan Rust.
19:28 of 3rd period - Stopped by Adin Hill without a rebound.
19:28 of 3rd period - Minor Penalty to Adin Hill for Slashing.
19:29 of 3rd period - Brock Nelson wins face-off versus Kyle Brodziak in RedWings zone.
19:38 of 3rd period - Shot by Patrik Nemeth.
19:38 of 3rd period - Shot Misses the Net.
19:40 of 3rd period - Shot by Patrik Nemeth.
19:40 of 3rd period - Stopped by Adin Hill without a rebound.
19:41 of 3rd period - Brayden Schenn wins face-off versus Mika Zibanejad in RedWings zone.
19:56 of 3rd period - Shot by Jaccob Slavin.
19:56 of 3rd period - Stopped by Adin Hill without a rebound.
19:57 of 3rd period - Kyle Brodziak wins face-off versus Brock Nelson in RedWings zone.
Goals for this period are 1 for Jets vs 0 for RedWings.
Shots for this period are 17 for Jets vs 7 for RedWings.

Overtime #1


0:01 of 1st overtime period - Mika Zibanejad wins face-off versus Kyle Brodziak in neutral zone.
1:15 of 1st overtime period - Frans Nielsen is hit by Jake Muzzin and loses puck.
1:52 of 1st overtime period - Shot by Kasperi Kapanen.
1:52 of 1st overtime period - Stopped by Adin Hill with a rebound.
2:04 of 1st overtime period - Shot by Jay Bouwmeester.
2:04 of 1st overtime period - Shot Misses the Net.
2:06 of 1st overtime period - Shot by Jay Bouwmeester.
2:06 of 1st overtime period - Deflect By Nick Suzuki.
2:06 of 1st overtime period - Stopped by Adin Hill without a rebound.
2:07 of 1st overtime period - Mika Zibanejad wins face-off versus Sean Monahan in RedWings zone.
2:12 of 1st overtime period - Shot by Torey Krug.
2:12 of 1st overtime period - Stopped by Adin Hill without a rebound.
2:13 of 1st overtime period - Mika Zibanejad wins face-off versus David Pastrnak in RedWings zone.
2:16 of 1st overtime period - Shot by Bryan Rust.
2:16 of 1st overtime period - Shot Misses the Net.
2:20 of 1st overtime period - Shot by Mika Zibanejad.
2:20 of 1st overtime period - Deflect By Bryan Rust.
2:20 of 1st overtime period - Stopped by Adin Hill without a rebound.
2:21 of 1st overtime period - Mika Zibanejad wins face-off versus David Pastrnak in RedWings zone.
3:12 of 1st overtime period - Shot by Brock Nelson.
3:12 of 1st overtime period - Shot Misses the Net.
3:14 of 1st overtime period - Shot by Jaccob Slavin.
3:14 of 1st overtime period - Stopped by Adin Hill with a rebound.
3:28 of 1st overtime period - Shot by Brock Nelson.
3:28 of 1st overtime period - Shot Misses the Net.
Goals for this period are 0 for Jets vs 0 for RedWings.
Shots for this period are 5 for Jets vs 0 for RedWings.

ShootOut


5:00 of 1st overtime period - Round #1.
5:00 of 1st overtime period - Jets, Mika Zibanejad.
5:00 of 1st overtime period - Shot Misses the Net.
5:00 of 1st overtime period - RedWings, Frans Nielsen.
5:00 of 1st overtime period - Stopped by Alex Stalock.
5:00 of 1st overtime period - Round #2.
5:00 of 1st overtime period - Jets, Mats Zuccarello.
5:00 of 1st overtime period - Shot Misses the Net.
5:00 of 1st overtime period - RedWings, Sean Monahan.
5:00 of 1st overtime period - Goal by Sean Monahan.
5:00 of 1st overtime period - Round #3.
5:00 of 1st overtime period - Jets, Mikko Koivu.
5:00 of 1st overtime period - Goal by Mikko Koivu.
5:00 of 1st overtime period - RedWings, Erik Haula.
5:00 of 1st overtime period - Shot Misses the Net.
5:00 of 1st overtime period - Round #4.
5:00 of 1st overtime period - Jets, Bryan Rust.
5:00 of 1st overtime period - Stopped by Adin Hill.
5:00 of 1st overtime period - RedWings, Andrew Cogliano.
5:00 of 1st overtime period - Shot Misses the Net.
5:00 of 1st overtime period - Round #5.
5:00 of 1st overtime period - Jets, Jakub Vrana.
5:00 of 1st overtime period - Goal by Jakub Vrana.
5:00 of 1st overtime period - RedWings, Filip Forsberg.
5:00 of 1st overtime period - Stopped by Alex Stalock.